Cogmind - Beta 17.1 @@@ ROGUE MODE // 2026.08.30 @ 23:49:41 Player: Lazz Result: Destroyed by G-73 Enforcer with Phase Gun Performance ------------- Evolutions (6) 3000 Regions Visited (15) 3000 Robots Destroyed (105) 525 Value Destroyed (4109) 4109 Prototype IDs (28) 560 Alien Tech Used (1) 200 Bonus (1749) 1749 TOTAL SCORE: 13143 Bonus ------- Follower Combat Kills 174 Entered DSFs 500 Acquired ECA 300 Met Warlord at Base 500 MAIN.C Attacked Warlord 500 Warlord Defense Kills 60 Friendly Fire -285 Cogmind --------- Core Integrity 0/1150 Matter 153/300 Energy 98/100 System Corruption 0% Temperature Cool (9) Movement Core (50) Location -4/Warlord Parts ------- > --- POWER (2) -------- (None) > --- PROPULSION (5) --- (None) > --- UTILITY (9) ------ (None) > --- WEAPON (3) ------- (None) > --- INVENTORY (5) ---- Neutrino Core Cesium-ion Thruster Transdimensional Reconstructor RU-N14's Throwing Claymores v3 (4) Axe Peak State ------------ > --- POWER ------------ Neutrino Core Light Antimatter Reactor > --- PROPULSION ------- Heavy Siege Treads Carbon-fiber Leg Flexi-carbon Leg > --- UTILITY ---------- Advanced Heat Sink Large Storage Unit Advanced Energy Well Advanced Sensor Array Advanced Signal Interpreter Transmission Jammer Jamming Amplifier Advanced Force Field Advanced System Shield > --- WEAPON ----------- Quantum Rifle Quantum Rifle RU-N14's Throwing Claymores v3 > --- INVENTORY -------- Neutrino Core Light Antimatter Reactor Advanced Thermal Generator Seismic Detector Encrypted Comm Array Matter Filter Advanced Particle Charger Advanced Force Field Advanced Force Field Long-range Tractor Beam Transdimensional Reconstructor Advanced Plasma Cannon Heavy Gauss Cannon Heavy Rocket Launcher Axe [Rating: 116] Favorites ----------- Power Neutrino Core Engine Light Deuterium Engine Power Core Neutrino Core Reactor Light Antimatter Reactor Propulsion Armored Treads Treads Armored Treads Leg Flexi-carbon Leg Wheel Wheel Flight Unit Cesium-ion Thruster Utility Large Storage Unit Device Transmission Jammer Storage Large Storage Unit Processor Jamming Amplifier Hackware Advanced System Shield Protection Improved Light Armor Plating Weapon Gatling Laser Energy Gun Gatling Laser Energy Cannon Advanced Plasma Cannon Ballistic Gun Coil Gun Ballistic Cannon Heavy Gauss Cannon Launcher Heavy Rocket Launcher Special Weapon RU-N14's Throwing Claymores v3 Slashing Weapon Axe Build | -11 -10 -9 -8 -7 -7 -6 -5 -5 -5 -5 -4 -4 -4 -4 -4 ------- Run | Yrd Mat Mat Mat Fac DSF Fac Fac Upp Upp Zhi Pro Fac Upp Upp War Slots Evolved 12 | . . 2 2 2 . 2 2 . . . . 2 . . . Power 1 | . . . . 1 . . . . . . . . . . . Propulsion 3 | . . 1 . . . . 1 . . . . 1 . . . Utility 7 | . . 1 2 1 . 1 1 . . . . 1 . . . Weapon 1 | . . . . . . 1 . . . . . . . . . Parts Attached 90 | 7 . 3 7 4 16 9 1 5 2 5 8 8 4 5 6 Power 11 | 1 . . 1 1 3 . . 3 . . . 2 . . . Engine 3 | 1 . . 1 . 1 . . . . . . . . . . Core 6 | . . . . 1 2 . . 3 . . . . . . . Reactor 2 | . . . . . . . . . . . . 2 . . . Propulsion 20 | 2 . 1 3 . 2 2 . . . 1 1 2 1 1 4 Treads 13 | 2 . 1 3 . 2 2 . . . . 1 1 . . 1 Leg 3 | . . . . . . . . . . 1 . . 1 1 . Wheel 1 | . . . . . . . . . . . . 1 . . . Hover . | . . . . . . . . . . . . . . . . Flight 3 | . . . . . . . . . . . . . . . 3 Utility 38 | 2 . 1 3 1 6 4 1 2 2 4 5 4 1 2 . Device 20 | 1 . . 1 1 2 2 . 2 1 2 3 2 1 2 . Storage 4 | 1 . . 1 . . . 1 . . 1 . . . . . Processor 4 | . . . 1 . 1 . . . . . 1 1 . . . Hackware 1 | . . . . . . . . . . . . 1 . . . Protection 9 | . . 1 . . 3 2 . . 1 1 1 . . . . Artifact . | . . . . . . . . . . . . . . . . Weapon 21 | 2 . 1 . 2 5 3 . . . . 2 . 2 2 2 Energy Gun 7 | . . . . . 3 2 . . . . . . 1 1 . Energy Cannon 4 | . . . . 2 . . . . . . 2 . . . . Ballistic Gun 5 | 2 . 1 . . . . . . . . . . . 1 1 Ballistic Cannon 1 | . . . . . . . . . . . . . 1 . . Launcher 2 | . . . . . 2 . . . . . . . . . . Special Weapon 1 | . . . . . . . . . . . . . . . 1 Impact Weapon . | . . . . . . . . . . . . . . . . Slashing Weapon 1 | . . . . . . 1 . . . . . . . . . Piercing Weapon . | . . . . . . . . . . . . . . . . Special Melee Weapon . | . . . . . . . . . . . . . . . . Unidentified Prototypes 5 | . . 1 . . . . . . . 3 . . . . 1 Parts Lost 28 | . . . . . 5 2 . . . 5 8 1 3 1 3 Power 2 | . . . . . 1 . . . . 1 . . . . . Propulsion 9 | . . . . . . . . . . 1 2 . 2 1 3 Utility 12 | . . . . . 4 1 . . . 2 5 . . . . Weapon 5 | . . . . . . 1 . . . 1 1 1 1 . . Highest Loss Streak 5 | . . . . . 3 1 . . . 5 5 1 2 1 2 To Critical Strikes . | . . . . . . . . . . . . . . . . Average Backups 12 | 1 4 6 7 7 10 13 12 13 14 14 6 9 14 15 14 Power 1 | . . . . 1 . 2 1 1 1 1 . . 2 2 1 Propulsion . | . 1 2 1 2 1 . . . 1 1 . . . . . Utility 4 | . 1 1 2 2 3 5 4 3 3 4 1 3 7 7 5 Weapon 4 | . 2 2 3 2 4 5 7 8 8 6 3 4 4 4 5 Tool/Special . | . . . . . . . . . . . . . . . . Unused Backups 17 | . . . 2 . 1 . . . . 2 . 2 . . 10 Power . | . . . . . . . . . . . . . . . . Propulsion 2 | . . . . . . . . . . . . 1 . . 1 Utility 6 | . . . . . . . . . . . . . . . 6 Weapon 8 | . . . 2 . 1 . . . . 2 . 1 . . 2 Tool/Special 1 | . . . . . . . . . . . . . . . 1 Average Slot Usage (%) 92 | . 100 99 98 99 98 98 99 100 100 94 88 91 87 87 88 Engine 1 | . 14 11 9 7 10 . . . . . . . . . . Core 7 | . . . . 7 4 13 11 11 11 9 11 7 5 5 4 Reactor 2 | . . . . . . . . . . . . 2 5 5 4 Treads 15 | . 28 33 27 23 23 19 23 23 23 21 10 11 11 8 7 Leg 3 | . . . . . . . . . . . 5 3 2 5 9 Device 19 | . 14 11 17 22 11 15 16 18 23 20 22 23 21 21 20 Storage 9 | . 14 11 9 7 7 6 10 11 11 11 11 10 10 10 9 Processor 6 | . . . 8 7 7 6 5 5 5 1 . 5 10 10 9 Hackware 2 | . . . . . . . . . . . . 3 5 5 4 Protection 5 | . . 10 9 7 16 17 11 9 5 9 4 3 . . . Energy Gun 9 | . . . . . 7 17 17 17 17 13 5 4 2 8 9 Energy Cannon 2 | . . . . 13 6 . . . . . 6 10 7 1 . Ballistic Gun 2 | . 28 22 18 1 . . . . . . . . . 3 4 Peak Build Rating 116 | 7 7 11 22 29 42 56 60 65 67 76 75 96 110 113 116 Average Rating 74 | 3 7 10 19 28 35 49 59 60 66 67 67 83 103 110 110 On Entrance 51 | . 7 7 11 22 29 42 51 60 65 67 70 75 93 107 112 Avg Prop Armor Cover (%) 5 | . . . . . . . . . . 3 3 11 2 3 7 Naked Turns 11 | . . . . . . . . . . . . . . . 11 Heaviest Build 90 | 14 14 19 39 54 64 67 70 80 80 80 88 90 90 88 84 Greatest Support 113 | 40 40 60 60 60 60 60 80 80 80 80 43 113 113 90 93 Greatest Overweight (x) 8 | . . . . . 1 1 . . . 1 3 8 1 1 1 Average Overweight (x) . | . . . . . . 1 . . . . 1 5 . . . Largest Inventory Capacity 15 | 8 8 8 15 15 15 15 15 15 15 15 15 15 15 15 15 Average Capacity 14 | 6 8 8 11 15 15 15 15 15 15 15 15 15 15 15 14 Most Carried 15 | 3 7 7 11 10 14 15 14 15 15 15 10 14 15 15 15 Average Carried 12 | 1 5 6 7 7 10 13 12 14 14 14 6 9 14 15 14 Final Capacity 15 | 8 8 8 15 15 15 15 15 15 15 15 15 15 15 15 5 Final Carried 15 | 3 7 7 11 7 12 15 13 14 15 10 10 14 15 15 5 Class Distribution -------------------- 40% | Scavenger-Tank 22% | Tank 18% | Mutant 10% | Scavenger-Mutant 7% | Commander-Tank Dominant Class ---------------- Mutant | -10/Materials Mutant | -9/Materials Mutant | -8/Materials Mutant | -7/Factory Mutant | -7/DSF Scavenger-Mutant | -6/Factory Scavenger-Tank | -5/Factory Scavenger-Tank | -5/Upper Caves Scavenger-Tank | -5/Upper Caves Scavenger-Tank | -5/Zhirov Scavenger-Tank | -4/Proximity Caves Scavenger-Tank | -4/Factory Tank | -4/Upper Caves Tank | -4/Upper Caves Commander-Tank | -4/Warlord Resources | -11 -10 -9 -8 -7 -7 -6 -5 -5 -5 -5 -4 -4 -4 -4 -4 ----------- Run | Yrd Mat Mat Mat Fac DSF Fac Fac Upp Upp Zhi Pro Fac Upp Upp War Matter Collected 2113 | 290 16 160 178 . 201 233 . 105 40 80 214 90 267 169 70 Remotely . | . . . . . . . . . . . . . . . . Salvage Created 4243 | 109 50 376 98 . 599 603 . . 200 461 478 428 419 402 20 Parts 169 | 10 2 24 12 . 25 17 . . 10 5 15 22 11 13 3 Haulers Intercepted 1 | . . . . . 1 . . . . . . . . . . Recyclers Shooed . | . . . . . . . . . . . . . . . . Parts Field Recycled . | . . . . . . . . . . . . . . . . Retrieved Matter . | . . . . . . . . . . . . . . . . Parts Self-Destructed 44 | . . . . . . . . . 11 3 9 . 9 12 . Prevented 1 | . . . . . . . . . 1 . . . . . . Parts Restored . | . . . . . . . . . . . . . . . . Kills | -11 -10 -9 -8 -7 -7 -6 -5 -5 -5 -5 -4 -4 -4 -4 -4 ------- Run | Yrd Mat Mat Mat Fac DSF Fac Fac Upp Upp Zhi Pro Fac Upp Upp War Combat Hostiles Destroyed 92 | . 1 9 4 . 13 13 . . 6 . 12 6 16 10 2 Melee 1 | . . . . . . . . . . . . . . . 1 Guns 46 | . 1 9 4 . 1 11 . . 6 . 6 . 1 6 1 Cannons 12 | . . . . . 4 . . . . . 1 5 2 . . AOE 28 | . . . . . 8 . . . . . 3 1 12 4 . Classes Destroyed 17 | 2 1 3 . . 4 3 . . . . 1 2 . . 1 Worker 4 | . . . . . . 1 . . . . . 3 . . . Builder 2 | . . . . . . . . . . . . 2 . . . Tunneler 2 | 2 . . . . . . . . . . . . . . . Hauler 1 | . . . . . 1 . . . . . . . . . . Recycler 1 | 1 . . . . . . . . . . . . . . . Mechanic 1 | . . 1 . . . . . . . . . . . . . Watcher 2 | . . 2 . . . . . . . . . . . . . Swarmer 38 | . . 3 3 . 3 3 . . 4 . 5 . 11 6 . Saboteur 2 | . . . . . . . . . . . . . . . 2 Grunt 27 | . 1 6 1 . 5 4 . . 1 . 4 . 2 3 . Brawler 1 | . . . . . . . . . . . 1 . . . . Duelist 4 | . . . . . 1 1 . . . . . . 2 . . Sentry 8 | . . . . . . 3 . . 1 . 2 . 1 1 . Specialist 3 | . . . . . 3 . . . . . . . . . . Hunter 3 | . . . . . . . . . . . . 3 . . . Programmer 4 | . . . . . . 1 . . . . . 3 . . . Heavy 2 | . . . . . 1 1 . . . . . . . . . Best Kill Streak 9 | 2 1 4 3 . 9 4 . . 5 . 5 3 7 4 2 Combat Bots Only 9 | . 1 4 3 . 9 3 . . 5 . 5 2 7 4 2 Max Kills in Single Turn 6 | 1 1 1 1 . 3 3 . . 1 . 2 3 6 3 1 Gunslinging 1 | . . . . . . . . . . . . . . 1 . Exploded 6 | . . . . . 3 . . . . . 2 1 6 3 . Melee 1 | . . . . . . . . . . . . . . . 1 Uniques/NPCs Destroyed . | . . . . . . . . . . . . . . . . Combat | -11 -10 -9 -8 -7 -7 -6 -5 -5 -5 -5 -4 -4 -4 -4 -4 -------- Run | Yrd Mat Mat Mat Fac DSF Fac Fac Upp Upp Zhi Pro Fac Upp Upp War Hostile Shots Fired 725 | . 14 34 44 . 83 163 . . 23 . 55 51 65 60 133 Missed 240 | . 6 8 24 . 19 47 . . 9 . 9 17 22 16 63 Hits 485 | . 8 26 20 . 64 116 . . 14 . 46 34 43 44 70 Melee 9 | . . . . . 4 1 . . . . . . . . 4 Projectile 476 | . 8 26 20 . 60 115 . . 14 . 46 34 43 44 66 Critical Strikes 18 | . . 1 . . 6 5 . . . . 1 . 1 1 3 Part Disruptions 1 | . . . . . . . . . . . . . 1 . . Damage Taken 8334 | . 113 272 189 . 1414 1606 . . 183 475 869 610 641 422 1540 Core 1688 | . 18 24 27 . 170 194 . . 14 34 46 27 53 56 1025 Absorbed by Shields 1622 | . . . 56 . 168 . . . 56 44 . 163 370 448 317 Reduced by Siege Mode 21 | . . . . . . . . . . . . . . 21 . Redirected to Shielding 160 | . . . . . . . . . . 148 12 . . . . Ignored by Resistances 155 | . . . . . . 60 . . . . 86 9 . . . Regen/Repaired (Parts) 506 | . . . . . . 213 . . . . . . . . 293 Core Remaining (%) 89 | 100 92 94 95 . 75 77 . . . . 90 . . . . Volleys Fired 204 | 5 4 25 16 . 28 28 . . 10 2 20 24 17 17 8 Largest 3 | 2 2 2 2 . 2 3 . . 3 3 3 3 3 3 3 Hottest 268 | 40 40 43 43 . 160 240 . . 240 240 178 268 239 218 221 Shots Fired 423 | 10 8 50 32 . 51 68 . . 30 6 42 46 26 30 24 Gun 304 | 10 8 50 32 . 4 68 . . 30 6 31 11 5 25 24 Cannon 93 | . . . . . 41 . . . . . 5 35 12 . . Launcher 26 | . . . . . 6 . . . . . 6 . 9 5 . Special . | . . . . . . . . . . . . . . . . Kinetic 113 | 10 8 50 32 . . . . . . . . . 2 3 8 Thermal 284 | . . . . . 45 68 . . 30 6 36 46 15 22 16 Explosive 26 | . . . . . 6 . . . . . 6 . 9 5 . Electromagnetic . | . . . . . . . . . . . . . . . . Robot Hit Streak 26 | 5 13 9 10 . 24 26 . . 13 . 23 8 7 14 9 Robot Miss Streak 6 | 1 . 2 5 . 2 4 . . 3 . 2 6 4 1 3 Penetration Max 1 | . . . . . . . . . . . . . . 1 . Secondary Targets 7 | . . 1 2 . . 3 . . . . . . . 1 . Max Gunslinging Chain 1 | . . 1 1 . . 1 . . . . . . . 1 . Shots Hit Robots 311 | 6 8 34 17 . 37 63 . . 23 10 39 28 13 23 10 Core Hits 248 | 5 3 15 5 . 22 56 . . 19 6 37 33 27 16 4 Critical Kills . | . . . . . . . . . . . . . . . . Critical Parts Destroyed 1 | . . . . . . . . . . . . . . 1 . Critical Strikes 1 | . . . . . . . . . . . . . . 1 . Destroy 1 | . . . . . . . . . . . . . . 1 . Melee Attacks 13 | . . . . . . 2 . . . 11 . . . . . Impact . | . . . . . . . . . . . . . . . . Slashing 13 | . . . . . . 2 . . . 11 . . . . . Piercing . | . . . . . . . . . . . . . . . . Sneak Attacks . | . . . . . . . . . . . . . . . . Combat Hostiles . | . . . . . . . . . . . . . . . . Follow-up Attacks . | . . . . . . . . . . . . . . . . Damage Inflicted 11320 | 69 79 509 241 . 1672 1629 . . 467 705 1488 1571 1527 1040 323 Guns 5214 | 69 79 509 241 . 113 1629 . . 467 . 819 156 87 722 323 Cannons 1690 | . . . . . 764 . . . . . 159 577 190 . . Explosions 3711 | . . . . . 795 . . . . . 510 838 1250 318 . Melee 705 | . . . . . . . . . . 705 . . . . . Ramming . | . . . . . . . . . . . . . . . . Kinetic 1078 | 69 79 509 241 . . . . . . . . . . 92 88 Thermal 5826 | . . . . . 877 1629 . . 467 . 978 733 277 630 235 Explosive 3445 | . . . . . 795 . . . . . 510 572 1250 318 . Electromagnetic 266 | . . . . . . . . . . . . 266 . . . Impact . | . . . . . . . . . . . . . . . . Slashing 705 | . . . . . . . . . . 705 . . . . . Piercing . | . . . . . . . . . . . . . . . . Highest Corruption 4 | . . . . . . 4 . . . . . 1 2 2 2 Average Corruption 1 | . . . . . . 2 . . . . . 1 1 2 2 Corruption Purged . | . . . . . . . . . . . . . . . . Corruption Blocked . | . . . . . . . . . . . . . . . . Effects 34 | . . . . . . . . . . . . 1 10 21 2 Message Errors 10 | . . . . . . . . . . . . . 3 7 . Matter Fused 8 | . . . . . . . . . . . . . 2 5 1 Heat Flow Errors 3 | . . . . . . . . . . . . . . 3 . Energy Discharges 6 | . . . . . . . . . . . . 1 3 2 . Data Loss (minor) 4 | . . . . . . . . . . . . . 2 1 1 Data Loss (major) 2 | . . . . . . . . . . . . . . 2 . Alerts 1 | . . . . . . . . . . . . . . 1 . Overload Shots . | . . . . . . . . . . . . . . . . Overflow Damage 168 | . . . . . 25 . . . . 75 . 4 16 48 . Projectiles . | . . . . . . . . . . . . . . . . Explosions 93 | . . . . . 25 . . . . . . 4 16 48 . Melee 75 | . . . . . . . . . . 75 . . . . . Knockbacks . | . . . . . . . . . . . . . . . . Impact . | . . . . . . . . . . . . . . . . Kinetic . | . . . . . . . . . . . . . . . . Secondary . | . . . . . . . . . . . . . . . . Self-Inflicted Damage 421 | . . . . . 59 . . . . . 52 118 192 . . Shots 10 | . . . . . 2 . . . . . 1 3 4 . . Rammed . | . . . . . . . . . . . . . . . . Targets Rammed . | . . . . . . . . . . . . . . . . Kicked . | . . . . . . . . . . . . . . . . Crushed . | . . . . . . . . . . . . . . . . Highest Temperature 423 | . 9 27 . . 126 387 . . 235 137 319 423 376 252 379 Average Temperature 123 | . 9 17 . . 46 142 . . 121 75 112 151 142 112 143 Received Heat Transfer 1480 | . 66 117 75 . 212 498 . . 7 . 126 30 208 92 49 Effects 12 | . . . . . . 6 . . . . . 2 2 . 2 Shutdowns 6 | . . . . . . 3 . . . . . 2 1 . . Interference 3 | . . . . . . 3 . . . . . . . . . Matter Decay 3 | . . . . . . . . . . . . . 1 . 2 Siege Activations 1 | . . . . . . . . . . . . . . 1 . Total Turns 19 | . . . . . . . . . . . . . . 19 . Longest Duration 19 | . . . . . . . . . . . . . . 19 . Martial Activations . | . . . . . . . . . . . . . . . . Shielding Activations . | . . . . . . . . . . . . . . . . Robots Disrupted 2 | . . . . . . . . . . . . 2 . . . Combat Hostiles 1 | . . . . . . . . . . . . 1 . . . Robots Corrupted . | . . . . . . . . . . . . . . . . Combat Hostiles . | . . . . . . . . . . . . . . . . Parts Fried 1 | . . . . . . . . . . . . 1 . . . Impact Corruptions . | . . . . . . . . . . . . . . . . Robots Melted 5 | . . . . . . 2 . . . . 2 . 1 . . Combat Hostiles 5 | . . . . . . 2 . . . . 2 . 1 . . Parts Melted 24 | . . . . . . 11 . . 2 . 6 2 . 3 . Heat Transferred 10906 | . . . . . 1397 3650 . . 1075 . 2150 1150 411 814 259 Parts Sabotaged 3 | . . . . . . . . . . . . . . . 3 Parts Stolen . | . . . . . . . . . . . . . . . . Parts Stripped . | . . . . . . . . . . . . . . . . Power Chain Reactions . | . . . . . . . . . . . . . . . . Alert | -11 -10 -9 -8 -7 -7 -6 -5 -5 -5 -5 -4 -4 -4 -4 -4 ------- Run | Yrd Mat Mat Mat Fac DSF Fac Fac Upp Upp Zhi Pro Fac Upp Upp War Maximum Alert Level 1 | . . . . . 1 . . . . . . 1 . . . Low Security (%) 97 | 100 100 100 100 100 88 100 100 . . . . 95 . . . Level 1 2 | . . . . . 11 . . . . . . 4 . . . Level 2 . | . . . . . . . . . . . . . . . . Level 3 . | . . . . . . . . . . . . . . . . Level 4 . | . . . . . . . . . . . . . . . . Level 5 . | . . . . . . . . . . . . . . . . High Security . | . . . . . . . . . . . . . . . . Max Security . | . . . . . . . . . . . . . . . . Sterilizations 1 | . . . . . 1 . . . . . . . . . . Peak Influence 305 | 5 35 177 74 28 305 159 28 . . . . 223 . . . Initial 159 | . . 5 66 28 . 159 28 . . . . . . . . Average 50 | . 11 67 24 9 65 62 10 . . . . 65 . . . Influence Increases 2815 | 15 45 251 112 . 355 381 22 . 160 15 260 353 370 250 226 Destroy 0b10 Robot/C 1940 | . 20 180 80 . 260 260 . . 120 . 240 120 320 200 140 Destroy 0b10 Robot/NC 85 | 15 . 15 . . 10 5 . . . 15 . 25 . . . Destroy Leader 274 | . 10 24 20 . 40 80 . . 10 . 20 30 20 20 . Allied During Kill 36 | . . . . . . . . . . . . 10 . . 26 Successful Hack 53 | . . . 12 . . 19 22 . . . . . . . . Disable Machine 90 | . . . . . . . . . . . . 90 . . . Destroy Structure 127 | . . 2 . . 45 2 . . . . . 78 . . . Lose Combat Pursuer 210 | . 15 30 . . . 15 . . 30 . . . 30 30 60 Influence Decreases 2694 | 15 30 109 207 62 50 627 81 . 160 15 260 164 456 353 105 Entered New Map 404 | . . 10 91 34 . 146 31 . . . . . 71 21 . Time Decay 1997 | 15 30 99 116 28 . 453 35 . 160 15 210 134 365 322 15 Lost Part 190 | . . . . . 50 20 . . . . 50 10 20 10 30 Lost Ally 80 | . . . . . . . . . . . . 20 . . 60 Purge Threat 23 | . . . . . . 8 15 . . . . . . . . Squads Dispatched 14 | . . 2 4 . 1 6 . . . . . 1 . . . Investigation 2 | . . . . . . 2 . . . . . . . . . Extermination 3 | . . . . . . 2 . . . . . 1 . . . Reinforcement 6 | . . 2 1 . 1 2 . . . . . . . . . Assault . | . . . . . . . . . . . . . . . . Garrison 3 | . . . 3 . . . . . . . . . . . . Intercept . | . . . . . . . . . . . . . . . . Searches Triggered . | . . . . . . . . . . . . . . . . Construction Impeded . | . . . . . . . . . . . . . . . . Haulers Reinforced . | . . . . . . . . . . . . . . . . Active Scanning Responses . | . . . . . . . . . . . . . . . . Cargo Convoy Interrupts . | . . . . . . . . . . . . . . . . Stealth | -11 -10 -9 -8 -7 -7 -6 -5 -5 -5 -5 -4 -4 -4 -4 -4 --------- Run | Yrd Mat Mat Mat Fac DSF Fac Fac Upp Upp Zhi Pro Fac Upp Upp War Distress Signals 7 | . 1 4 2 . . . . . . . . . . . . Communications Jammed 5 | . . . . . 4 1 . . . . . . . . . Distress Signals . | . . . . . . . . . . . . . . . . Times Spotted 162 | . 7 19 9 . 13 15 . . 9 . 11 15 19 12 33 Peak Tracking Total 24 | . 5 5 5 . 3 3 . . 3 . 4 3 11 4 24 Tactical Retreats 11 | . 1 2 . . . 1 . . 2 . . . 2 1 2 Traps | -11 -10 -9 -8 -7 -7 -6 -5 -5 -5 -5 -4 -4 -4 -4 -4 ------- Run | Yrd Mat Mat Mat Fac DSF Fac Fac Upp Upp Zhi Pro Fac Upp Upp War Traps Triggered . | . . . . . . . . . . . . . . . . Indirectly . | . . . . . . . . . . . . . . . . Trap Hack Attempts . | . . . . . . . . . . . . . . . . Triggered . | . . . . . . . . . . . . . . . . Disarmed . | . . . . . . . . . . . . . . . . Reprogrammed . | . . . . . . . . . . . . . . . . Reused . | . . . . . . . . . . . . . . . . Traps Extracted . | . . . . . . . . . . . . . . . . Installed . | . . . . . . . . . . . . . . . . Triggered . | . . . . . . . . . . . . . . . . Machines | -11 -10 -9 -8 -7 -7 -6 -5 -5 -5 -5 -4 -4 -4 -4 -4 ---------- Run | Yrd Mat Mat Mat Fac DSF Fac Fac Upp Upp Zhi Pro Fac Upp Upp War Machines Disabled 7 | . . . . . . . . . . 1 . 6 . . . Max in Single Turn 3 | . . . . . . . . . . 1 . 3 . . . Machines Repaired . | . . . . . . . . . . . . . . . . Machines Dismantled . | . . . . . . . . . . . . . . . . Machines Sabotaged . | . . . . . . . . . . . . . . . . Overloaded Fab Kills . | . . . . . . . . . . . . . . . . Hacking | -11 -10 -9 -8 -7 -7 -6 -5 -5 -5 -5 -4 -4 -4 -4 -4 --------- Run | Yrd Mat Mat Mat Fac DSF Fac Fac Upp Upp Zhi Pro Fac Upp Upp War Machines Accessed 34 | . 1 . 2 1 . 6 1 1 . 9 . 2 1 . 10 Terminals 12 | . 1 . 2 1 . 4 1 1 . . . 2 . . . Fabricators . | . . . . . . . . . . . . . . . . Repair Stations 1 | . . . . . . 1 . . . . . . . . . Recycling Units . | . . . . . . . . . . . . . . . . Scanalyzers 1 | . . . . . . 1 . . . . . . . . . Garrison Access . | . . . . . . . . . . . . . . . . Total Hacks 102 | . 2 . 7 2 . 15 7 1 . 48 . 3 1 . 16 Successful 82 | . . . 3 1 . 7 5 1 . 48 . . 1 . 16 Failed 19 | . 2 . 3 1 . 8 2 . . . . 3 . . . Catastrophic 5 | . . . . . . 2 1 . . . . 2 . . . Database Lockouts 1 | . . . 1 . . . . . . . . . . . . Manual 14 | . 2 . 4 . . 1 4 . . . . 2 . . 1 Terminals 34 | . 2 . 7 2 . 12 7 1 . . . 3 . . . Fabricators . | . . . . . . . . . . . . . . . . Repair Stations 1 | . . . . . . 1 . . . . . . . . . Recycling Units . | . . . . . . . . . . . . . . . . Scanalyzers 2 | . . . . . . 2 . . . . . . . . . Garrison Access . | . . . . . . . . . . . . . . . . Terminal Hacks 78 | . . . 2 1 . 5 4 1 . 48 . . 1 . 16 Record 46 | . . . . . . . . 1 . 36 . . . . 9 Part Schematic 4 | . . . . . . . . . . 4 . . . . . Robot Analysis 5 | . . . 1 . . . . . . 4 . . . . . Prototype ID Bank 11 | . . . . . . 1 . . . 4 . . . . 6 Open Door 2 | . . . . . . . . . . . . . 1 . 1 Open DSF 1 | . . . . 1 . . . . . . . . . . . Branch Access Points 1 | . . . . . . . 1 . . . . . . . . Unreport Threat 3 | . . . . . . 1 2 . . . . . . . . Registered Components 1 | . . . . . . . 1 . . . . . . . . Zone Layout 4 | . . . 1 . . 3 . . . . . . . . . Fabricator Hacks . | . . . . . . . . . . . . . . . . Repair Station Hacks . | . . . . . . . . . . . . . . . . Recycling Unit Hacks . | . . . . . . . . . . . . . . . . Scanalyzer 1 | . . . . . . 1 . . . . . . . . . Retrieve Study 1 | . . . . . . 1 . . . . . . . . . Garrison Access Hacks . | . . . . . . . . . . . . . . . . Unauthorized Hacks 3 | . . . 1 . . 1 1 . . . . . . . . Terminals 2 | . . . 1 . . . 1 . . . . . . . . Botnet 2 | . . . 1 . . . 1 . . . . . . . . Fabricators . | . . . . . . . . . . . . . . . . Repair Stations 1 | . . . . . . 1 . . . . . . . . . Patch 1 | . . . . . . 1 . . . . . . . . . Recycling Units . | . . . . . . . . . . . . . . . . Scanalyzers . | . . . . . . . . . . . . . . . . Garrison Access . | . . . . . . . . . . . . . . . . Data Cores Recovered . | . . . . . . . . . . . . . . . . Used . | . . . . . . . . . . . . . . . . Hacking Detections 12 | . 1 . 2 1 . 5 1 . . . . 2 . . . Full Trace Events 2 | . . . 1 . . 1 . . . . . . . . . Feedback Events . | . . . . . . . . . . . . . . . . Feedback Blocked . | . . . . . . . . . . . . . . . . Robot Schematics Acquired . | . . . . . . . . . . . . . . . . Robots Built . | . . . . . . . . . . . . . . . . Authchips . | . . . . . . . . . . . . . . . . Time . | . . . . . . . . . . . . . . . . Total Robot Build Rating . | . . . . . . . . . . . . . . . . Part Schematics Acquired 4 | . . . . . . . . . . 4 . . . . . Parts Built . | . . . . . . . . . . . . . . . . Authchips . | . . . . . . . . . . . . . . . . Time . | . . . . . . . . . . . . . . . . Total Part Build Rating . | . . . . . . . . . . . . . . . . Part Studies Acquired 1 | . . . . . . 1 . . . . . . . . . Parts Repaired . | . . . . . . . . . . . . . . . . Time . | . . . . . . . . . . . . . . . . Parts Recycled . | . . . . . . . . . . . . . . . . Recycled Matter . | . . . . . . . . . . . . . . . . Retrieved Matter . | . . . . . . . . . . . . . . . . Retrieved Components . | . . . . . . . . . . . . . . . . Parts Scanalyzed . | . . . . . . . . . . . . . . . . Part Schematics Acquired . | . . . . . . . . . . . . . . . . Parts Damaged . | . . . . . . . . . . . . . . . . Bothacking | -11 -10 -9 -8 -7 -7 -6 -5 -5 -5 -5 -4 -4 -4 -4 -4 ------------ Run | Yrd Mat Mat Mat Fac DSF Fac Fac Upp Upp Zhi Pro Fac Upp Upp War Used RIF Installer . | . . . . . . . . . . . . . . . . Robots Hacked . | . . . . . . . . . . . . . . . . Non-combat . | . . . . . . . . . . . . . . . . Combat . | . . . . . . . . . . . . . . . . Robot Hacks Applied . | . . . . . . . . . . . . . . . . Relay Couplers Released . | . . . . . . . . . . . . . . . . Fabnet Peak Effective % . | . . . . . . . . . . . . . . . . Robots Rewired 6 | . . . . . . . . . . . . 1 . . 5 Allies Hacked . | . . . . . . . . . . . . . . . . Hacks Repelled . | . . . . . . . . . . . . . . . . Allies | -11 -10 -9 -8 -7 -7 -6 -5 -5 -5 -5 -4 -4 -4 -4 -4 -------- Run | Yrd Mat Mat Mat Fac DSF Fac Fac Upp Upp Zhi Pro Fac Upp Upp War Total Allies 6 | . . . . . . . . . . . . 1 . . 5 Largest Group 5 | . . . . . . . . . . . . 1 . . 5 Highest-Rated Group 261 | . . . . . . . . . . . . 47 . . 261 Highest-Rated Ally 56 | . . . . . . . . . . . . 47 . . 56 Initial Warlord ECA Mod 9 | . . . . . . 9 8 8 8 8 7 7 6 6 6 Warlord Squad Rendezvous 1 | . . . . . . . . . . . . 1 . . . Ranger 1 | . . . . . . . . . . . . 1 . . . Total Orders 2 | . . . . . . . . . . . . 2 . . . EXPLORE 2 | . . . . . . . . . . . . 2 . . . Ally Attacks 40 | . . . . . . . . . . . . 10 . . 30 Total Damage 1232 | . . . . . . . . . . . . 135 . . 1097 Kills 5 | . . . . . . . . . . . . . . . 5 Allies Corrupted . | . . . . . . . . . . . . . . . . Allies Melted . | . . . . . . . . . . . . . . . . Intel | -11 -10 -9 -8 -7 -7 -6 -5 -5 -5 -5 -4 -4 -4 -4 -4 ------- Run | Yrd Mat Mat Mat Fac DSF Fac Fac Upp Upp Zhi Pro Fac Upp Upp War Active Infowar (turns) 10636 | 61 132 259 485 111 511 1195 123 744 613 637 1231 519 937 1350 1728 Sensors 4015 | . . . . . . . . . . . . . 937 1350 1728 Seismic 5459 | 61 132 259 485 111 27 544 122 744 613 637 1205 519 . . . Jamming 9401 | . . . . . 484 1162 123 744 613 510 1231 519 937 1350 1728 Robot Analysis Total 5 | . . . 1 . . . . . . 4 . . . . . Derelict Logs Recovered 5 | . . . . . . . . 1 1 . . . 2 1 . Drone Launches 2 | . . . . . . . . . . . . 2 . . . Drone Recoveries . | . . . . . . . . . . . . . . . . Exploration | -11 -10 -9 -8 -7 -7 -6 -5 -5 -5 -5 -4 -4 -4 -4 -4 ------------- Run | Yrd Mat Mat Mat Fac DSF Fac Fac Upp Upp Zhi Pro Fac Upp Upp War Turns Passed 10823 | 173 132 259 494 111 522 1195 123 744 613 637 1231 519 937 1350 1783 Spaces Moved 4695 | 57 70 92 252 66 112 349 69 436 293 340 444 182 441 588 904 Core 25 | 2 . . . . . . . . . . . . . . 23 Treads 4432 | 55 70 92 252 66 112 349 69 436 293 340 436 64 441 588 769 Legs 8 | . . . . . . . . . . . 8 . . . . Wheels 118 | . . . . . . . . . . . . 118 . . . Hover . | . . . . . . . . . . . . . . . . Flight 112 | . . . . . . . . . . . . . . . 112 Fastest Speed 29 | 50 160 160 160 163 163 243 167 167 167 166 245 170 170 175 29 Average Speed 189 | 156 160 160 162 163 168 244 167 167 167 167 248 199 173 202 182 Slowest Speed 350 | 160 160 160 163 163 243 250 167 167 167 246 350 325 270 270 270 Overloaded Moves . | . . . . . . . . . . . . . . . . Propulsion Burnouts . | . . . . . . . . . . . . . . . . Robots Hopped . | . . . . . . . . . . . . . . . . Potential Cave-ins 2 | . . . . . . . . . . . 2 . . . . Cave-ins Triggered . | . . . . . . . . . . . . . . . . Exploration Rate (%) 40 | 4 26 17 30 3 85 11 1 62 51 79 62 9 55 61 89 Regions Visited 15 Branch Regions 7 Pre-discovered Areas 8 | . . . . . . . . 1 1 3 . . 1 1 1 Known Exits Taken 5 | . . . . 1 . . 1 . . . . 1 1 1 . Unknown Exits Taken 9 | 1 1 1 1 . . 1 . 1 1 1 1 . . . . Scrap Searched 10 | . . . . . . . . 2 2 . 3 . 3 . . Spaces Dug 2 | . . . . . . 2 . . . . . . . . . Terrain Destroyed 280 | . . . . . 54 2 . . . . 41 42 96 35 10 Melee 2 | . . . . . . 2 . . . . . . . . . Projectile 31 | . . . . . . . . . . . . 15 6 . 10 AOE 247 | . . . . . 54 . . . . . 41 27 90 35 . Terrain Rammed . | . . . . . . . . . . . . . . . . Walls Destroyed . | . . . . . . . . . . . . . . . . Machines Disabled . | . . . . . . . . . . . . . . . . Actions | -11 -10 -9 -8 -7 -7 -6 -5 -5 -5 -5 -4 -4 -4 -4 -4 --------- Run | Yrd Mat Mat Mat Fac DSF Fac Fac Upp Upp Zhi Pro Fac Upp Upp War Total 6198 | 129 83 154 309 71 388 614 77 454 388 386 521 295 588 720 1021 Wait 979 | 57 6 33 17 . 214 208 5 5 83 5 41 63 119 106 17 Move 4680 | 56 69 91 251 65 111 348 68 435 292 339 443 181 440 587 904 Hop . | . . . . . . . . . . . . . . . . Pick Up 63 | 4 4 2 10 . 8 6 1 1 . 4 4 8 4 1 6 Fast Attach 43 | 6 . . 1 . 7 3 . 3 . 6 4 3 1 2 7 Attach 31 | 1 . 2 1 4 2 2 3 . . 5 4 4 3 . . Detach 4 | . . . . . 1 1 . 1 . . . . . . 1 Swap 55 | . . 1 5 . 11 11 . 3 2 4 4 3 3 5 3 Drop 58 | . . . 8 2 6 5 . 6 1 10 1 6 1 2 10 Fire 204 | 5 4 25 16 . 28 28 . . 10 2 20 24 17 17 8 Melee 13 | . . . . . . 2 . . . 11 . . . . . Ram . | . . . . . . . . . . . . . . . . Kick . | . . . . . . . . . . . . . . . . Crush . | . . . . . . . . . . . . . . . . Escape Stasis . | . . . . . . . . . . . . . . . . Rewire 68 | . . . . . . . . . . . . 3 . . 65 Trap . | . . . . . . . . . . . . . . . . Miscellaneous . | . . . . . . . . . . . . . . . . Route ------- -11/Scrapyard -10/Materials -9/Materials -8/Materials -7/Factory -7/DSF -6/Factory -5/Factory (discovered 4 exits: *Upp x2 / Ext x2) -5/Upper Caves -5/Upper Caves -5/Zhirov -4/Proximity Caves -4/Factory -4/Upper Caves -4/Upper Caves (discovered 2 exits: [*Res] / *War) -4/Warlord (discovered 1 exit: [*Pro]) History --------- Turn | Location | Event 81 | -11/Scrapyard | Discovered new exit (range 16) 174 | -11/Scrapyard | Entered Materials 280 | -10/Materials | Discovered new exit (range 16) 306 | -10/Materials | Entered another Materials area 306 | -9/Materials | Evolved 2 slots: Propulsion x1, Utility x1 328 | -9/Materials | Build established: Mutant 534 | -9/Materials | Discovered new exit (range 15) 565 | -9/Materials | Entered another Materials area 565 | -8/Materials | Evolved 2 slots: Utility x2 608 | -8/Materials | Central database locked down 778 | -8/Materials | Garrison activated, responded to threat 1040 | -8/Materials | Discovered new exit (range 14) 1059 | -8/Materials | Entered Factory 1059 | -7/Factory | Evolved 2 slots: Power x1, Utility x1 1170 | -7/Factory | Identified exit to DSF 1170 | -7/Factory | Entered DSF 1204 | -7/DSF | Additional patrols routed to DSF 1381 | -7/DSF | Lost 3 parts (1p2u) 1644 | -7/DSF | Sterilization system engaged 1663 | -7/DSF | Discovered new exit (range 16) 1664 | -7/DSF | Ambient heat levels rising (+10) 1679 | -7/DSF | Ambient heat levels rising (+10) 1681 | -7/DSF | Destroyed 9 combat bots 1692 | -7/DSF | Entered Factory 1692 | -6/Factory | Evolved 2 slots: Utility x1, Weapon x1 1994 | -6/Factory | Build established: Tank 2299 | -6/Factory | Build established: Scavenger-Tank 2663 | -6/Factory | Build established: Scavenger-Mutant 2854 | -6/Factory | Discovered new exit (range 8) 2887 | -6/Factory | Entered another Factory area 2887 | -5/Factory | Evolved 2 slots: Propulsion x1, Utility x1 2928 | -5/Factory | Identified exit to Upper Caves 2928 | -5/Factory | Identified exit to Extension 3010 | -5/Factory | Entered Upper Caves 3017 | -5/Upper Caves | Met a Warlord Commander 3018 | -5/Upper Caves | Learned location of Warlord (-4) 3019 | -5/Upper Caves | Warlord Commander delivered Encrypted Comm Array 3023 | -5/Upper Caves | Found Encrypted Comm Array 3124 | -5/Upper Caves | Build established: Scavenger-Tank 3217 | -5/Upper Caves | Learned Factory trap positions 3586 | -5/Upper Caves | Found DCF Scrap (12 items) 3662 | -5/Upper Caves | Encountered a Warlord checkpoint 3729 | -5/Upper Caves | Discovered new exit (range 9) 3754 | -5/Upper Caves | Entered another Upper Caves area 3756 | -5/Upper Caves | Attracted the attention of an 0b10 checkpoint 4269 | -5/Upper Caves | Encountered a Warlord checkpoint 4350 | -5/Upper Caves | Discovered new exit (range 11) 4367 | -5/Upper Caves | Entered Zhirov 4367 | -5/Zhirov | Discovered new exit (range 3) 4456 | -5/Zhirov | Learned location of Quarantine (-2) 4456 | -5/Zhirov | Learned location of Testing (-3) 4456 | -5/Zhirov | Learned location of Command (-1) 4492 | -5/Zhirov | Found Alien Artifact 4492 | -5/Zhirov | Identified Integrated Reactor 4492 | -5/Zhirov | Installed Integrated Reactor, increased core energy generation (+10) 4525 | -5/Zhirov | Found Alien Artifact 4845 | -5/Zhirov | Cloak Generator disabled 4855 | -5/Zhirov | Enhanced Grunts warped into view 4906 | -5/Zhirov | Lost 5 parts (1p1n2u1w) 4906 | -5/Zhirov | Lost 9 allies 5004 | -5/Zhirov | Entered Proximity Caves 5048 | -4/Proximity Caves | Lost 5 parts (1n4u) 5233 | -4/Proximity Caves | Attracted the attention of an 0b10 outpost 5312 | -4/Proximity Caves | Attracted the attention of an 0b10 checkpoint 6193 | -4/Proximity Caves | Discovered new exit (range 15) 6235 | -4/Proximity Caves | Entered Factory 6235 | -4/Factory | Evolved 2 slots: Propulsion x1, Utility x1 6236 | -4/Factory | Loaded intel: 75 trap records 6318 | -4/Factory | Discovered new exit (range 26) 6558 | -4/Factory | Joined by Warlord Ranger squad 6753 | -4/Factory | Identified exit to Upper Caves 6754 | -4/Factory | Entered Upper Caves 6832 | -4/Upper Caves | Learned location of Armory (-4) 6861 | -4/Upper Caves | Spotted B-86 Titan 7006 | -4/Upper Caves | Encountered a Warlord checkpoint 7078 | -4/Upper Caves | Attracted the attention of an 0b10 outpost 7095 | -4/Upper Caves | Destroyed 7 combat bots 7157 | -4/Upper Caves | Lost 3 allies 7372 | -4/Upper Caves | Build established: Tank 7435 | -4/Upper Caves | Identified exit to Upper Caves 7691 | -4/Upper Caves | Entered another Upper Caves area 7908 | -4/Upper Caves | Discovered new exit (range 13) 8025 | -4/Upper Caves | Attracted the attention of an 0b10 checkpoint 8475 | -4/Upper Caves | Build established: Scavenger-Tank 8836 | -4/Upper Caves | Build established: Tank 9025 | -4/Upper Caves | Discovered new exit (range 6) 9036 | -4/Upper Caves | Identified exit to Warlord 9041 | -4/Upper Caves | Entered Warlord 9147 | -4/Warlord | System corruption cleaned by Quarantine Array 9602 | -4/Warlord | Found Prototype Special Weapon 9602 | -4/Warlord | Identified RU-N14's Throwing Claymores v3 9616 | -4/Warlord | Found RU-N14's Throwing Claymores v3 9623 | -4/Warlord | Found RU-N14's Throwing Claymores v3 9727 | -4/Warlord | Learned Armory repair station intel 9727 | -4/Warlord | Learned 4 Command zone layouts 9727 | -4/Warlord | Learned Armory trap positions 9888 | -4/Warlord | Build established: Scavenger-Tank 10144 | -4/Warlord | Met Warlord 10149 | -4/Warlord | Warlord's base attacked by MAIN.C 10231 | -4/Warlord | Build established: Commander-Tank 10499 | -4/Warlord | Warlord forces counterattacked 10717 | -4/Warlord | Spotted Striker 10747 | -4/Warlord | Allies destroyed Striker 10762 | -4/Warlord | Spotted Executioner 10764 | -4/Warlord | Spotted Executioner 10769 | -4/Warlord | Released all parts (15) 10783 | -4/Warlord | Lost 5 allies 10783 | -4/Warlord | Core integrity fell below 50% 10803 | -4/Warlord | Opened side exit 10817 | -4/Warlord | Spotted Striker 10817 | -4/Warlord | Spotted Executioner 10822 | -4/Warlord | Core integrity fell below 20% 10823 | -4/Warlord | Discovered new exit (range 13) 10824 | -4/Warlord | Warlord base infiltrated, sounded retreat 10824 | -4/Warlord | Destroyed by G-73 Enforcer with Phase Gun Last Messages --------------- 10784_ Slug penetrates Wall. 10797_ Connecting with WAR.Sys... >>Open Door Sealed Heavy Doors opened. 10803_ The tunnel wall slides away. 10807_ Slug penetrates Wall. 10807_ Penetrated by Slug. 10807_ Slug penetrates S-27 Virus. 10807_ S-27 Virus destroyed. 10813_ Cesium-ion Thruster destroyed. 10813_ Dropped Hvy. Gauss Cannon. 10818_ Slug penetrates Wall. 10819_ Penetrated by Slug. 10821_ G-67 Veteran knocked back. 10821_ H-77 Assassin knocked back. 10822_ Penetrated by Slug. 10823_ EXIT=FOUND 10824_ ANNOUNCEMENT: Base interior infiltrated, regroup at designated outer cave rendezvous points. Map ----- +----------------------------------------------------+ | ?????????????????????????????????? | | ?????????????????????????????????? | | ?????????????????????????????????? | | ?????????????????????????????????? | | ?????????????????????????????????? | | ?????????????????????????????????? | | ?????????????????????????????????? | | ?????????????????????????????????? | | ?????????????????????????????????? | | ?????????????????????????????????? | | ?????????????????????????????????? | | ?????????????????????????????????? | | ?????????????????????????####????? | | ???????????????????????## ###??? | | ??????????????????????## ##?? | | ?????????????????????## < ??? | | ?????????????????????# ??? | | ?????????????????????# #??? | | ?????????????????????? * ;???? | | ????????????? ???????# !%%#???? | | ?????????????? ???##?## [ [#???? | | ??????????????# ??# #;# % ;;?##?? | | ??????????????# ##;;; ;## #?? | | ??????????????? ;### | | ???????????????# ##; ; =;;# | | ????????????????# ;;@ % ;# | | ?????????????????#; ;# ; = #? | | ?????????????????#; # ## | | #????????????????#;# #; # | | #???????????????????# ;; = ## | | #####???????????????## #;# % ;# | | "############?????## ; b ;# | | """"""""""""#??????#" ;* ;## | | """"""""""""#?######"x% %%g " | | [ ### ##" =l%K < | | % + h"; # ## | | [ ^+ ;##;g " #? | | = #### ##?##E ###? | | """"""""""""#??#" #???# "#?? | | """"""""""""#?? " #?### #?? | | "############?? " "### # #?? | | #####????????????##"% "?# "?? | | #????????????????#" ### ##? | | #???????????????## "## ##?? | | ???????????????## ??# #??? | | ??????????????##" ##?## ##??? | | ??????????????# " "#??## #???? | | ?????????????## "= "#????# ] #???? | | ?????????????# "%["#????## ##??? | | ???????????????#" "##???## #??? | +----------------------------------------------------+ Best States ------------- Heat Dissipation 81 Coolant Potential 80 Energy Generation 45 Energy Capacity 1030 Matter Stores 300 Matter Capacity 300 Sight Range 16 Robot Scan Range 16 Terrain Scan Density 10 Jamming Range 14 EM Shielding 3 Armor Coverage 525 Resistance: TH 20 Utility Shielding 90 Evasion (%) 63 Targeting Accuracy 6 Recoil Reduction 4 Particle Charging 15 Defensive Hacking 14 Item Schematics ----------------- Assault Drone Bay | -5/Zhirov | Free Exp. Heat Sink | -5/Zhirov | Free Exp. Optical Array | -5/Zhirov | Free Imp. Arc Thrower | -5/Zhirov | Free Robot Schematics ------------------ None Fabricated ------------ Nothing Repaired ---------- Nothing Studied --------- Gatling Laser | -6/Factory | Hacked Alien Tech Used ----------------- Integrated Reactor Achievements -------------- None Challenges ------------ None Game ------ Seed OpticalReflectiveDynamite Manual? 0 Play Time 01:02:48 Cumulative 292.7 hours Start 2026.08.29 @ 23:34:19 End 2026.08.30 @ 23:49:41 Sessions 4 Manual Loads 0 Difficulty Rogue Special Mode None Game No. 370 Rogue 370 Adventurer 0 Explorer 0 Win Type - Total 8 Types 7/0/0/1/0/0/0/0/0/0 Lore% 80 Gallery% 68 Achievement% 56 Wizard Run 0 Options --------- Layout 2 ASCII 0 Keyboard 0 Movement Mouse Keybinds 0 Fullscreen 1 Font 24/Smallcaps Map View 50x44 Zoom Use 0% Tactical HUD 1 Map Filters NONE Filters NONE Steam 1 RUN: 49f0f181-5bd9-4d13-a310-4a60c80df88a